 Dungeon Crawl Stone Soup version 0.27-a0-412-g8dd771eca2 (webtiles) character file.

Game seed: 17027772788826891080

122 wampuh the Ruffian (level 4, -1/37 HPs)
             Began as a Draconian Transmuter on Feb 23, 2021.
             Was an Initiate of Ru.
             Slain by Crazy Yiuf
             ... wielding a +3 quarterstaff of chaos
              (4 damage)
             ... on level 2 of the Dungeon.
             The game lasted 00:02:44 (3253 turns).

wampuh the Ruffian (Draconian Transmuter)           Turns: 3253, Time: 00:02:47

Health: -1/37      AC:  8    Str: 13    XL:     4   Next: 78%
Magic:  6/8        EV: 12    Int: 14    God:    Ru [......]
Gold:   141        SH:  0    Dex: 11    Spells: 5/8 levels left

rFire    . . .     SeeInvis .     - Unarmed
rCold    . . .     Faith    .   (no shield)
rNeg     . . .     Spirit   .   (armour unavailable)
rPois    .         Reflect  .   (helmet restricted)
rElec    .         Harm     .   (no cloak)
rCorr    .         Rampage  .   (no gloves)
Will     .....                  e - +2 pair of boots
Stlth    +.........             (no amulet)
HPRegen  0.12/turn              (no ring)
MPRegen  0.11/turn              (no ring)

@: lethally poisoned (-1 -> -14), wereblooded, hasted, very quick
A: unfitting armour, cold-blooded, AC +5
a: Renounce Religion


You were on level 2 of the Dungeon.
You worshipped Ru.
Ru was noncommittal.
You visited 1 branch of the dungeon, and saw 2 of its levels.

You collected 141 gold pieces.

Inventory:

Armour
 e - a +2 pair of boots (worn)
Scrolls
 a - 2 scrolls of magic mapping {unknown}
 c - 3 scrolls of enchant armour {unknown}
 d - a scroll of enchant weapon {unknown}
 f - a scroll of blinking {unknown}
Potions
 b - a potion of cancellation {unknown}


   Skills:
 + Level 2.4 Fighting
 + Level 2.5 Dodging
 + Level 3.6 Unarmed Combat
 + Level 2.7 Spellcasting
 + Level 2.8 Transmutations


You had 5 spell levels left.
You knew the following spells:

 Your Spells              Type           Power        Failure   Level
a - Beastly Appendage     Tmut           18%          7%          1
b - Wereblood             Tmut           9%           11%         2

Your spell library contained the following spells:

 Spells                   Type           Power        Failure   Level
 Spider Form              Tmut/Pois      2%           36%         3
 Ice Form                 Ice/Tmut       5%           77%         4
 Blade Hands              Tmut           4%           88%         5


Dungeon Overview and Level Annotations

Branches:
Dungeon (2/15)

Altars:
Ru
Vehumet
Yredelemnul

Annotations:
D:2 Crazy Yiuf


Innate Abilities, Weirdness & Mutations

Your plain brown scales are hard. (AC +5)
You cannot fit into any form of body armour.
You are cold-blooded and may be slowed by cold attacks.


Message History

Your blood is infused with primal strength.
You open the door.
Your transformation is almost over.
You barely miss Crazy Yiuf. You hit Crazy Yiuf. You claw Crazy Yiuf.
You headbutt Crazy Yiuf, but do no damage.
Crazy Yiuf is moderately wounded.
Crazy Yiuf hits you with a +3 quarterstaff of chaos.
You are poisoned.
You hit Crazy Yiuf but do no damage. Your kick misses Crazy Yiuf.
Crazy Yiuf is moderately wounded.
You feel sick.
Crazy Yiuf cries, "Snurf testudinal illywillydillykilly!"
Crazy Yiuf hits you with a +3 quarterstaff of chaos!
You are more poisoned.
You hit Crazy Yiuf.
Crazy Yiuf is moderately wounded.
You feel sick. Crazy Yiuf barely misses you.
You barely miss Crazy Yiuf.
Crazy Yiuf is moderately wounded.
You feel sick. Crazy Yiuf barely misses you.
You hit Crazy Yiuf. Your kick misses Crazy Yiuf. You headbutt Crazy Yiuf.
Crazy Yiuf is severely wounded.
You feel sick. Crazy Yiuf closely misses you.
You closely miss Crazy Yiuf. You claw Crazy Yiuf. You headbutt Crazy Yiuf.
Crazy Yiuf is almost dead.
You feel sick.
Crazy Yiuf hits you with a +3 quarterstaff of chaos!
* * * LOW HITPOINT WARNING * * *
You completely miss Crazy Yiuf.
Crazy Yiuf is almost dead.
* * * LOW HITPOINT WARNING * * *
You feel sick.
It was a potion of haste.
You feel yourself speed up.
Your horns disappear.
Your talons disappear.
Your +2 pair of boots unmelds from your body.
* * * LOW HITPOINT WARNING * * *
You feel sick.
Crazy Yiuf hits you with a +3 quarterstaff of chaos.
You die...

########
.......#
#.##.#.#
#.##.#.#
#####
..##.#.#
#)..#
####.#.##
#...#
####..#.###
...
.....###..#
#g#
..###.#.#.#
♣@♣♣ ..#
##.##.##
♣♣.♣ #.#
#.....#
♣.♣♣ ..#
#.##.##
♣♣.♣ ..#
#.#..#
♣♣.♣♣ ..#
#.#.###
♣♣...♣
##########
..# #.....#
♣..P.♣
#........##
..# ###.###
#....#
#.........#
..# #.#
#....#
#..######.#


You could see Crazy Yiuf.

Vanquished Creatures
  Terence (D:2)
  Robin (D:1)
  An adder (D:2)
  2 worms (D:2)
  5 leopard geckos
  5 giant cockroaches
  13 goblins
  6 hobgoblins
  5 jackals
  2 ball pythons
  5 bats
  4 frilled lizards
  10 kobolds
  5 rats
65 creatures vanquished.

Notes
Turn   | Place    | Note
-------+----------+-------------------------------------------
     0 | D:1      | wampuh the Draconian Transmuter began the quest for the
                  | Orb.
     0 | D:1      | Reached XP level 1. HP: 16/16 MP: 3/3
   217 | D:1      | Reached XP level 2. HP: 18/23 MP: 3/5
  1383 | D:2      | Reached XP level 3. HP: 27/29 MP: 4/6
  1390 | D:2      | Noticed Robin
  1419 | D:1      | Killed Robin
  1933 | D:2      | Learned a level 2 spell: Wereblood
  2066 | D:2      | Reached XP level 4. HP: 22/36 MP: 5/7
  2321 | D:2      | Found a sacrificial altar of Ru.
  2332 | D:2      | Became a worshipper of Ru the Awakened
  2579 | D:2      | Found a runed translucent door.
  2580 | D:2      | Noticed Crazy Yiuf
  2831 | D:2      | Noticed Terence
  2845 | D:2      | Killed Terence
  2977 | D:2      | Found a radiant altar of Vehumet.
  3080 | D:2      | Found a basalt altar of Yredelemnul.
  3253 | D:2      | Slain by Crazy Yiuf

Illustrated notes

Levels and vault maps discovered:
D:1:      matt_arrival_spirals, layout_loops_ring
D:2:      layout_loops_cross, nicolae_ru_awakened_eye, marbit_many_paths,
          general_overflow_altar, uniq_crazy_yiuf_cottage, uniq_terence,
          uniq_robin

Skill      XL: |  1  2  3 |
---------------+----------+-----
Dodging        | 2 |  2.5
Fighting       | 2 |  2.4
Unarmed Combat | |  3.6
Spellcasting   | |  2.7
Transmutations | |  2.8

Action                   |  1- 3 |  4- 6 || total
-------------------------+-------+-------++-------
Melee: Unarmed           |   130 |    59 ||   189
       Kick              |    18 |    14 ||    32
       Headbutt          |    10 |     9 ||    19
       Tailslap          |     9 |     2 ||    11
 Cast: Beastly Appendage |    28 |    15 ||    43
       Wereblood         |       |     1 ||     1
  Use: Potion            |       |     1 ||     1
Armor: Skin              |    34 |    13 ||    47
Dodge: Dodged            |    76 |    30 ||   106

Table legend: (Time is in decaauts)
 A = Elapsed time spent in this place.
 B = Non-inter-level travel time spent in this place.
 C = Inter-level travel time spent in this place.
 D = Time resting spent in this place.
 E = Time spent auto-exploring this place.
 F = Levels seen in this place.
 G = Mean time per level.
                   A        B        C        D        E       F      G
               +--------+--------+--------+--------+--------+-----+--------+
         Total |   3246 |   3206 |     40 |    476 |   2336 |   2 | 1623.0 |
       Dungeon |   3246 |   3206 |     40 |    476 |   2336 |   2 | 1623.0 |
               +--------+--------+--------+--------+--------+-----+--------+

Top non-repeatable levels by time:
     D:1: 1808 daAuts
     D:2: 1437 daAuts
